 Seeded DCSS version 0.31-a0-23-gcbde74481b (webtiles) character file.

Game seed: 20230511 (custom seed)

2281 a11behringer the Slasher (level 9, -1/48 (52) HPs)
             Began as a Tengu Reaver on May 14, 2023.
             Slain by a wight
             ... wielding a +0 hand axe
              (3 damage)
             ... on level 7 of the Dungeon.
             The game lasted 00:16:50 (5892 turns).

a11behringer the Slasher (Tengu Reaver)             Turns: 5892, Time: 00:16:50

HP:   -1/48 (52)    AC:  9    Str: 13    XL:     9   Next: 39%
MP:   16/16         EV: 16    Int: 14    God:
Gold: 292           SH:  0    Dex: 16    Spells: 15/16 levels left

rFire   . . .        h - +1 scimitar
rCold   . . .        (no shield)
rNeg    . . .        v - +3 leather armour {rPois}
rPois   +            (helmet restricted)
rElec   .            w - +2 cloak
rCorr   .            (no gloves)
SInv    .            (boots unavailable)
Will    .....        t - amulet of magic regeneration
Stlth   ++           (no ring)
HPRegen 0.28/turn    (no ring)
MPRegen 0.55/turn

%: no passive effects
@: flying quickly and evasively, drained, quick
A: beak, talons 3, nimble flight
a: no special abilities


You were on level 7 of the Dungeon.
You visited 2 branches of the dungeon, and saw 8 of its levels.

You collected 292 gold pieces.

Inventory:

Hand Weapons
 a - a +0 falchion
 h - a +1 scimitar (weapon)
Armour
 b - a +0 leather armour
 l - a +0 cloak
 m - a +0 chain mail
 v - a +3 leather armour of poison resistance (worn)
 w - a +2 cloak (worn)
Jewellery
 k - a ring of wizardry
 t - an amulet of magic regeneration (around neck)
Wands
 i - a wand of quicksilver (15)
 q - a wand of charming (1)
 y - a wand of polymorph (8)
 z - a wand of mindburst (14)
Scrolls
 d - 3 scrolls of magic mapping
 j - 2 scrolls of enchant armour
 n - 2 scrolls of amnesia {unknown}
 r - a scroll of acquirement
 B - a scroll of enchant weapon
Potions
 c - a potion of heal wounds
 e - 2 potions of brilliance
 f - 6 potions of curing
 g - 2 potions of mutation
 o - 2 potions of lignification {unknown}
 p - a potion of magic {unknown}
 s - 3 potions of flight
 u - a potion of ambrosia {unknown}
 x - a potion of attraction {unknown}
 A - a potion of berserk rage {unknown}


   Skills:
 + Level 4.6 Fighting
 * Level 7.7 Long Blades
 + Level 4.3 Armour
 + Level 5.2 Dodging
 + Level 3.9 Stealth
 + Level 4.4 Spellcasting
 + Level 6.9 Conjurations


You had 15 spell levels left.
You knew the following spells:

 Your Spells              Type           Power      Damage    Failure   Level
a - Kiss of Death         Conj/Necr      48%        2d9       5%          1

Your spell library contained the following spells:

 Spells                   Type           Power      Damage    Failure   Level
 Momentum Strike          Conj/Tloc      24%        3d8       9%          2
 Hailstorm                Conj/Ice       12%        3d5       16%         3


Dungeon Overview and Level Annotations

Branches:
Dungeon (7/15)             Temple (1/1) D:6

Altars:
Ashenzari
Cheibriados
Fedhas
Gozag
Hepliaklqana
Makhleb
Nemelex Xobeh
Okawaru
Ru
Trog
Uskayaw
Wu Jian
Yredelemnul
Zin
The Shining One


Innate Abilities, Weirdness & Mutations

You have a beak for a mouth.
You have claws for feet.
Your magical nature lets you fly swiftly and evasively.


Message History

The wight completely misses you. The wight misses you.
You closely miss the wight.
The wight is heavily damaged.
The wight completely misses you.
The wight hits you with a +0 dire flail!
* * * LOW HITPOINT WARNING * * *
You feel drained.
* * * LOW HITPOINT WARNING * * *
You feel much better. The wight closely misses you.
The wight barely misses you.
You hit the wight. You claw the wight. You peck the wight, but do no damage.
The wight is severely damaged.
The wight hits you from afar with a +4 spear.
You feel drained. The wight barely misses you.
You barely miss the wight.
The wight is severely damaged.
The wight hits you from afar with a +4 spear.
You feel drained.
The wight hits you with a +0 dire flail!
* * * LOW HITPOINT WARNING * * *
You hit the wight but do no damage. Your peck misses the wight.
Your punch misses the wight.
The wight is severely damaged.
The wight closely misses you.
The wight hits you with a +0 dire flail.
* * * LOW HITPOINT WARNING * * *
You feel drained.
You completely miss the wight.
The wight is severely damaged.
The wight barely misses you. The wight closely misses you.
You slash the wight!
You destroy the wight!
The wight closely misses you.
You hit the wight but do no damage. Your peck misses the wight.
The wight hits you from afar with a +4 spear.
* * * LOW HITPOINT WARNING * * *
The wight hits you with a +0 hand axe.
* * * LOW HITPOINT WARNING * * *
You feel drained.
You die...

............................#
......#......################
.................# #.########
.....##......###.# #.........
#..........###.###.########
.##.##...............<......
....##.##.#.........#.######
#........#z##...######.#
#####.....zz@..........#
.......).##############
###.....))...?..
#.##'#........ #.#..zz.......
###...#....>.. #... .......
#.⌠. ....... .... .......


You could see 3 wights.

Vanquished Creatures
  2 steam dragons (D:6)
  Edmund (D:4)
  A water moccasin (D:5)
  A black bear (D:5)
  An ice beast (D:6)
  A sky beast (D:3)
  4 ogres
  A centaur (D:6)
  2 phantoms
  A bullfrog (D:6)
  4 scorpions
  2 wights (D:7)
  2 hounds (D:5)
  A quasit (D:6)
  4 jellies
  A sleepcap (D:5)
  An iguana (D:4)
  An orc wizard (D:7)
  3 gnolls (D:6)
  12 adders
  A shadow imp (D:6)
  A white imp (D:6)
  2 ufetubi
  3 worms
  A dart slug (D:1)
  7 orcs
  5 bats
  7 endoplasms
  6 giant cockroaches
  9 goblins
  5 hobgoblins
  6 jackals
  5 kobolds
  6 quokkas
  4 ball pythons
  2 frilled lizards (D:3)
  12 rats
128 creatures vanquished.

Notes
Turn   | Place    | Note
-------+----------+-------------------------------------------
     0 | D:1      | a11behringer the Tengu Reaver began the quest for the Orb.
     0 | D:1      | Reached XP level 1. HP: 12/12 MP: 4/4
   163 | D:1      | Reached XP level 2. HP: 14/17 MP: 6/6
   196 | D:1      | Found a faded altar of an unknown god.
   762 | D:2      | Reached XP level 3. HP: 16/21 MP: 7/7
  1001 | D:2      | Reached skill level 4 in Long Blades
  1059 | D:2      | Reached XP level 4. HP: 21/27 MP: 8/8
  1124 | D:2      | Reached skill level 1 in Armour
  1672 | D:3      | Gained mutation: Your magical nature lets you fly swiftly
                  | and evasively. [Tengu growth]
  1672 | D:3      | Reached XP level 5. HP: 31/31 MP: 9/9
  2476 | D:3      | Noticed a sky beast
  2492 | D:3      | Killed a sky beast
  2493 | D:3      | Reached XP level 6. HP: 19/36 MP: 9/11
  2778 | D:4      | Reached skill level 5 in Long Blades
  2778 | D:4      | Reached skill level 1 in Stealth
  2996 | D:4      | Reached skill level 5 in Conjurations
  3130 | D:4      | Noticed Edmund
  3156 | D:4      | Killed Edmund
  3157 | D:4      | Reached XP level 7. HP: 7/41 MP: 12/12
  3318 | D:4      | Found a sacrificial altar of Ru.
  3418 | D:5      | Entered Level 5 of the Dungeon
  3663 | D:5      | Reached skill level 6 in Long Blades
  3663 | D:5      | Reached XP level 8. HP: 43/46 MP: 14/14
  4128 | D:5      | Identified a scroll of acquirement
  4367 | D:6      | Found a staircase to the Ecumenical Temple.
  4497 | D:6      | Reached skill level 7 in Long Blades
  4521 | Temple   | Entered the Ecumenical Temple
  4832 | D:6      | Reached XP level 9. HP: 38/52 MP: 16/16
  4931 | D:6      | Found a hide-covered altar of Uskayaw.
  5186 | D:6      | Found a glowing golden altar of the Shining One.
  5363 | D:6      | Reached skill level 5 in Dodging
  5556 | D:6      | Found a glowing silver altar of Zin.
  5892 | D:7      | HP: 2/49 [wight/+0 hand axe (6)]
  5892 | D:7      | Slain by a wight

Illustrated notes

Levels and vault maps discovered:
D:1:      ebering_hopf_link, layout_loops_ring, ebering_ecumenical_altar_hall,
          minmay_tetromino_o2
D:2:      layout_basic, serial_bayou_pond_b, minmay_rat_gold_closets
D:3:      layout_basic, kennysheep_pointless_box, saegor_snake_ambush
D:4:      layout_rooms, nicolae_ru_path_of_blood, uniq_edmund
D:5:      layout_rooms, minmay_diced_spiral
D:6:      layout_loops_corners, zin_statuary, mainiacjoe_overflow_tiny_flanked,
          eat_drink_and_be_merry_uskayaw, minmay_temple_entry_ruins,
          serial_demonic, serial_demonic_b, serial_demonic_d, serial_demonic_e,
          serial_demonic_g
D:7:      layout_basic, palyth_temple_overflow_mages,
          biasface_ghost_orc_armoury, nicolae_elevator_lobby_asterisk
Temple:   hellmonk_temple_flake

Skill      XL: |  1  2  3  4  5  6  7  8  9 |
---------------+----------------------------+-----
Long Blades    | 4 5 6 7 |  7.7
Armour         | 1 2 3 4 |  4.3
Dodging        | 3 4 5 |  5.2
Stealth        | 1 2 3 |  3.9
Conjurations   | 5 6 |  6.9
Fighting       | 3 4 |  4.6
Spellcasting   | 3 4 |  4.4

Action                     |  1- 3 |  4- 6 |  7- 9 || total
---------------------------+-------+-------+-------++-------
  Melee: Falchion          |    37 |       |       ||    37
         Peck              |    14 |    20 |    38 ||    72
         Kick              |    17 |    39 |    60 ||   116
         Punch             |     1 |       |     2 ||     3
         Scimitar          |    31 |   143 |   199 ||   373
   Cast: Kiss of Death     |       |     2 |       ||     2
    Use: Scroll            |       |       |     9 ||     9
         Potion            |       |       |     1 ||     1
   Stab: Sleeping          |     1 |     1 |     2 ||     4
 Armour: Leather armour    |    16 |    51 |    61 ||   128
  Dodge: Dodged            |    38 |   165 |   198 ||   401

Table legend: (Time is in decaauts)
 A = Elapsed time spent in this place.
 B = Non-inter-level travel time spent in this place.
 C = Inter-level travel time spent in this place.
 D = Time resting spent in this place.
 E = Time spent auto-exploring this place.
 F = Levels seen in this place.
 G = Mean time per level.
                   A        B        C        D        E       F      G
               +--------+--------+--------+--------+--------+-----+--------+
         Total |   5660 |   5181 |    479 |      0 |   4224 |   8 |  707.5 |
       Dungeon |   5513 |   5157 |    356 |      0 |   4207 |   7 |  787.6 |
        Temple |    146 |     24 |    122 |      0 |     17 |   1 |  146.0 |
               +--------+--------+--------+--------+--------+-----+--------+

Top non-repeatable levels by time:
     D:6: 1334 daAuts
     D:3: 1024 daAuts
     D:2: 945 daAuts
     D:1: 735 daAuts
     D:5: 698 daAuts
     D:4: 625 daAuts
     D:7: 150 daAuts
  Temple: 146 daAuts
